[Event "XXII Obert Internacional d'Escacs Sant Marti 2022"]
[Site "Barcelona, Spain"]
[Date "2022.07.14"]
[Round "2.1"]
[White "Asis Gargatagli, Hipolito"]
[Black "Anustoop, Biswas"]
[Result "1-0"]
[TimeControl "1.30 fb 30"]
[WhiteElo "2514"]
[BlackElo "2175"]

1. e4 e6 2. d4 d5 3. Nd2 c5 4. exd5 Qxd5 5. dxc5 Nf6 6. Ngf3 Qxc5 7. g3 Bd7 8. Nb3 Qd5 9. Qxd5 Nxd5 10.
Bg2 Nb4 11. Nbd4 N8c6 12. a3 Nxd4 13. Nxd4 Nc6 14. Nxc6 Bxc6 15. Bxc6+ bxc6 16. Be3 Bd6 17. O-O-O Ke7 18. Rd3 Rhd8 19.
Rhd1 e5 20. b4 Rd7 21. Kb2 Ke6 22. Kb3 Rad8 23. Ka4 h6 24. Ka5 f5 25. Ka6 g5 26. Rc3 f4 27. gxf4 gxf4 28. Bc1 Rc8 29. Rh3 Rh8 30. Re1 Kf6 31. Rd3 Rb8 32. Red1 Ke6 33.
c4 Rbd8 34. Rh3 Bf8 35. Rxd7 Rxd7 36. Rc3 Bg7 37. Rc2 Kf5 38. a4 e4 39. c5 Bd4 40. b5 cxb5 41. c6 Rc7 42. Kxb5 e3 43. f3 a6+ 44. Kxa6 e2 45. Bd2 Bf2 46. Kb5 e1=Q 47. Bxe1 Bxe1 48. Kb6 Rc8 49. Kb7 1-0

[Event "XXII Obert Internacional d'Escacs Sant Marti 2022"]
[Site "Barcelona, Spain"]
[Date "2022.07.14"]
[Round "2.2"]
[White "Phadke, Sohan"]
[Black "Roshka, Yevgeniy"]
[Result "1/2-1/2"]
[TimeControl "1.30 fb 30"]
[WhiteElo "2177"]
[BlackElo "2497"]

1. e4 e6 2. d4 d5 3. Nc3 Bb4 4. exd5 exd5 5. Bd3 Ne7 6. Qh5 Nbc6 7. Nge2 Be6 8. O-O Qd7 9. a3 Bxc3 10.
bxc3 Bf5 11. Ng3 Bxd3 12. cxd3 O-O 13. Qf3 b5 14. h4 a5 15. h5 h6 16. Be3 b4 17. axb4 axb4 18. cxb4 Nxb4 19.
Rxa8 Rxa8 20. Rb1 Nbc6 21. Qf4 Rb8 22. Rxb8+ Nxb8 23. Bc1 Nbc6 24. Ba3 Nd8 25. Bxe7 Qxe7 26. Nf5 Qe1+ 27. Kh2 Ne6 28.
Qf3 Kh8 29. Ne3 Kg8 30. Nxd5 Nxd4 31. Nf6+ gxf6 32. Qg4+ Kf8 33. Qxd4 Qe5+ 34. Qxe5 fxe5 35. Kg3 Ke7 36. f4 Ke6 37. Kf3 f5 38. Ke3 Kf6 39. fxe5+ Kxe5 40.
d4+ Kd5 41. Kf4 Ke6 42. d5+ Kxd5 43. Kxf5 c5 44. g4 c4 45. g5 c3 46. gxh6 c2 47. h7 c1=Q 48. h8=Q Qb1 49. Kg5 Qc1 50.
Kg6 Qb1+ 51. Kh6 Qc1+ 52. Kh7 Qb1+ 53. Kg8 Qb8+ 54. Kh7 Qb1+ 1/2-1/2

[Event "XXII Obert Internacional d'Escacs Sant Marti 2022"]
[Site "Barcelona, Spain"]
[Date "2022.07.14"]
[Round "2.3"]
[White "Pena Gomez, Manuel"]
[Black "Dahale, Atul"]
[Result "1-0"]
[TimeControl "1.30 fb 30"]
[WhiteElo "2492"]
[BlackElo "2162"]

1. e4 c5 2. Nf3 d6 3. d4 cxd4 4. Nxd4 Nf6 5. Nc3 a6 6. Be2 e5 7. Nb3 Be7 8. O-O Be6 9. Qd3 Nbd7 10.
Nd5 Bxd5 11. exd5 O-O 12. Bd2 a5 13. a4 b6 14. Rae1 Qc7 15. c4 Nc5 16. Nxc5 Qxc5 17. Kh1 Qc7 18.
Qh3 Nd7 19. Bd3 g6 20. f4 Bf6 21. f5 Rae8 22. Bh6 Bg7 23. Re4 Nf6 24. Rh4 e4 25. Be2 Re5 26. g4 Qd7 27. Bxg7 Kxg7 28. g5 Nh5 29. f6+ 1-0

[Event "XXII Obert Internacional d'Escacs Sant Marti 2022"]
[Site "Barcelona, Spain"]
[Date "2022.07.14"]
[Round "2.4"]
[White "Barros, Raul Junior"]
[Black "Aronyak, Ghosh"]
[Result "0-1"]
[TimeControl "1.30 fb 30"]
[WhiteElo "2174"]
[BlackElo "2486"]

1. e4 c5 2. Nf3 d6 3. d4 Nf6 4. Nc3 cxd4 5. Nxd4 Nc6 6. Be2 e5 7. Nb3 Be7 8. Be3 Be6 9. O-O O-O 10.
f4 exf4 11. Rxf4 Re8 12. Qd2 d5 13. exd5 Nxd5 14. Nxd5 Qxd5 15. Bd3 Rad8 16. Rd1 Qe5 17. c4 f5 18. Rf3 Bf6 19. Nc5 Nd4 20.
Nxb7 Nxf3+ 21. gxf3 Rb8 22. Bf4 Qd4+ 23. Be3 Qh4 24. Bf2 Bd4 25. Nd6 Red8 26. Nb5 Bxf2+ 27. Qxf2 Qxf2+ 28. Kxf2 Rxd3 29.
Rxd3 Bxc4 30. Rd7 Bxb5 31. Rxa7 Bc6 32. b3 Ra8 33. Rxa8+ Bxa8 34. f4 Kf7 35. Ke3 h6 36. h4 Bd5 37. Kd4 Be6 38. Kc3 Kf6 39.
a4 g5 40. hxg5+ hxg5 41. fxg5+ Kxg5 42. b4 f4 43. a5 f3 44. Kd3 Kf4 0-1

[Event "XXII Obert Internacional d'Escacs Sant Marti 2022"]
[Site "Barcelona, Spain"]
[Date "2022.07.14"]
[Round "2.5"]
[White "Berdayes Ason, Dylan Isidro"]
[Black "Vergara Jofre, Felipe"]
[Result "1-0"]
[TimeControl "1.30 fb 30"]
[WhiteElo "2480"]
[BlackElo "2151"]

1. d4 d5 2. c4 e6 3. Nc3 a6 4. cxd5 exd5 5. Bf4 Nf6 6. e3 Bd6 7. Bg5 Be6 8. Bd3 Nbd7 9. f4 h6 10.
Bh4 g5 11. fxg5 hxg5 12. Bxg5 Rxh2 13. Rxh2 Bxh2 14. Nh3 c5 15. Qf3 Qb6 16. O-O-O cxd4 17. exd4 Qxd4 18. Bxa6 Qb6 19. Bb5 Ne4 20.
Bxd7+ Bxd7 21. Nxd5 Qc5+ 22. Kb1 Nxg5 23. Nf6+ Ke7 24. Rxd7+ Ke6 25. Nxg5+ Qxg5 26. Qb3+ Kf5 27. g4+ Kf4 28.
Rd4+ Ke5 29. Rd5+ Kxf6 30. Qb6+ 1-0

[Event "XXII Obert Internacional d'Escacs Sant Marti 2022"]
[Site "Barcelona, Spain"]
[Date "2022.07.14"]
[Round "2.6"]
[White "Persson, Andreas"]
[Black "Kovchan, Alexander"]
[Result "0-1"]
[TimeControl "1.30 fb 30"]
[WhiteElo "2154"]
[BlackElo "2468"]

1. d4 Nf6 2. Nf3 g6 3. g3 d5 4. Bg2 c6 5. O-O Bg7 6. b3 O-O 7. c4 Bf5 8. Bb2 Nbd7 9. e3 Ne4 10.
Qe2 Qa5 11. Rc1 Rfc8 12. Nc3 Nxc3 13. Bxc3 Qa6 14. Bf1 dxc4 15. bxc4 c5 16. a4 cxd4 17. exd4 Qe6 18. Qb2 Bg4 19.
Nd2 Qb6 20. Nb3 Qc7 21. Qd2 Nf6 22. Re1 Bf5 23. Bb4 e6 24. Bg2 Rab8 25. Nc5 Nd7 26. Ba5 Qd6 27. Nxb7 Qxd4 28. Rac1 Nc5 29.
Nd6 Qxd2 30. Bxd2 Rd8 31. Nxf5 Rxd2 32. Nxg7 Kxg7 33. Rb1 Rxb1 34. Rxb1 a6 35. Bf1 Ra2 36. Rb4 Rxa4 37. Rb6 Kf6 38.
Rc6 Ra5 39. Rc7 e5 40. h4 h5 41. Rc6+ Ke7 42. Bg2 e4 43. Rc7+ Ke6 44. Bh3+ f5 45. Rc6+ Kf7 46. Bf1 Ne6 47.
c5 Rxc5 48. Rxa6 Nd4 49. Ra4 Nf3+ 50. Kg2 Ne1+ 51. Kh3 Rc1 52. Ra7+ Kf6 53. Ra6+ Kg7 54. Ra7+ Kh6 55. Ra2 Nf3 56.
Kg2 Rc6 57. Be2 Nd4 58. Bd1 Kg7 59. Rd2 Rd6 60. Ra2 Kf6 61. Ra8 Ne6 62. Bb3 Nc5 63. Bc4 Rd4 64. Bg8 Rd2 65. Kf1 Nd3 66.
Ra2 Rxa2 67. Bxa2 f4 68. Bd5 Kf5 69. Bc6 Ne5 70. Bb7 Nd3 71. Bc6 e3 72. Bd7+ Ke5 73. fxe3 fxe3 74. Ke2 Kd4 75.
Bb5 Nc1+ 76. Kd1 Na2 77. Be8 Nc3+ 78. Ke1 Ne4 79. g4 hxg4 80. Bxg6 g3 81. Kf1 e2+ 0-1

[Event "XXII Obert Internacional d'Escacs Sant Marti 2022"]
[Site "Barcelona, Spain"]
[Date "2022.07.14"]
[Round "2.7"]
[White "Narciso Dublan, Marc"]
[Black "Jul Perez, Alberto"]
[Result "1-0"]
[TimeControl "1.30 fb 30"]
[WhiteElo "2461"]
[BlackElo "2095"]

1. e4 c5 2. Nc3 Nc6 3. Bb5 g6 4. Bxc6 bxc6 5. d3 Bg7 6. Nge2 e6 7. O-O Ne7 8. b3 O-O 9. Bb2 d6 10. Na4 e5 11. f4 f6 12. h3 Be6 13. Qd2 Nc8 14. Rf2 Nb6 15. Nac3 f5 16. Raf1 Qh4 17. exf5 Rxf5 18. Ne4 Rd8 19. Qa5 Nd5 20. fxe5 Ne3 21. Rf4 Qe7 22. exd6 Qd7 23. Bxg7 Kxg7 24. Qc3+ Kg8 25. Rxf5 1-0

[Event "XXII Obert Internacional d'Escacs Sant Marti 2022"]
[Site "Barcelona, Spain"]
[Date "2022.07.14"]
[Round "2.8"]
[White "Diermair, Andreas"]
[Black "Paniagua Garcia, Jose Manuel"]
[Result "1-0"]
[TimeControl "1.30 fb 30"]
[WhiteElo "2452"]
[BlackElo "2082"]

1. Nf3 Nf6 2. c4 c5 3. Nc3 g6 4. e4 d6 5. d4 cxd4 6. Nxd4 Bg7 7. Be2 Nc6 8. Be3 Bd7 9. O-O O-O 10.
Nc2 Rc8 11. f3 Qa5 12. Rb1 Qh5 13. Qd2 Kh8 14. b3 g5 15. Bxg5 Rg8 16. Rf2 Qg6 17. Be3 Nh5 18. Nd5 e6 19.
Nf4 Nxf4 20. Bxf4 e5 21. Be3 f5 22. exf5 Bxf5 23. Rc1 Bf6 24. Bf1 Rc7 25. Ne1 Bh4 26. g3 Nd4 27. Bxd4 exd4 28.
Rd1 Bf6 29. Bd3 Rcg7 30. Ng2 Be5 31. Nh4 1-0

[Event "XXII Obert Internacional d'Escacs Sant Marti 2022"]
[Site "Barcelona, Spain"]
[Date "2022.07.14"]
[Round "2.9"]
[White "Munoz, Miguel"]
[Black "Pimpalkhare, Vedant"]
[Result "1/2-1/2"]
[TimeControl "1.30 fb 30"]
[WhiteElo "2408"]
[BlackElo "2057"]

1. e4 e6 2. d4 d5 3. Nd2 c5 4. Ngf3 Nc6 5. dxc5 Bxc5 6. Bd3 Nge7 7. O-O O-O 8. c4 Ng6 9. cxd5 exd5 10.
exd5 Qxd5 11. Nb3 Bf5 12. Nxc5 Qxc5 13. Be3 Qa5 14. Bxf5 Qxf5 15. Qb3 b6 16. Rad1 Rfd8 17. Qa4 Nge7 18.
Bg5 f6 19. Be3 Kf8 20. b4 Qe4 21. a3 Rxd1 22. Rxd1 Rd8 23. Re1 Qd3 24. h3 Rd5 25. Rc1 Qb5 26. Qc2 Qd3 27. Qb2 Ne5 28.
Ne1 Qe4 29. Qb3 Nf5 30. Rc8+ Ke7 31. Rc7+ Rd7 32. Rxd7+ Nxd7 33. Nf3 Ne5 34. Nxe5 Qxe5 35. Qd3 Qa1+ 36. Kh2 Qe5+ 37. Kg1 Qa1+ 38.
Kh2 Qe5+ 39. Kg1 1/2-1/2

[Event "XXII Obert Internacional d'Escacs Sant Marti 2022"]
[Site "Barcelona, Spain"]
[Date "2022.07.14"]
[Round "2.10"]
[White "Valenzuela Gomez, Fernando"]
[Black "Ortiz Verdezoto, Anahi"]
[Result "1-0"]
[TimeControl "1.30 fb 30"]
[WhiteElo "2373"]
[BlackElo "2046"]

1. Nf3 Nf6 2. c4 b6 3. g3 c5 4. Nc3 Bb7 5. Bg2 e6 6. O-O Be7 7. d4 cxd4 8. Qxd4 a6 9. Be3 Bc5 10.
Qf4 Bxe3 11. Qxe3 d6 12. Rfd1 O-O 13. Qf4 Ne8 14. Rd2 Nd7 15. Rad1 Rc8 16. Ng5 Bxg2 17. Kxg2 Rc5 18. Nge4 Rf5 19.
Qe3 Ne5 20. b3 b5 21. f3 bxc4 22. g4 Nxg4 23. fxg4 Re5 24. Qf3 cxb3 25. Nxd6 Qg5 26. Nxe8 bxa2 27. Rxa2 Rxe8 28. Rxa6 f5 29.
Rd7 h5 30. Raa7 hxg4 31. Qb7 Qf6 32. Rxg7+ Kh8 33. Rh7+ Kg8 34. Rh8+ 1-0